AoeStats
← FrosttyyX

MegaRandom

505417217Analyzed
1v1 RM · 22d ago on Sep 9, 2026· 35m 11s· 2 players
Game mode
Random Map
Map size
Tiny (2 player)
Population
200
Speed
Normal
Resources
Standard
Victory
Conquest
Starting age
Dark Age
Ending age
Imperial Age
RankedLock teamsTeams togetherTeam positionsShared explorationLock speedFull tech treeHidden civsTurbo modeCheats
Victory
Defeat
🇦🇺 Chinese · Australia
946
+29
🇸🇰 Muisca · Slovakia
947
-16
FrosttyyX
0:51 Loom
13:08 Feudal Age
15:16 Double-Bit Axe
18:09 Castle Age
16:49 Horse Collar
18:28 Wheelbarrow
19:46 Forging
19:38 Scale Mail Armor
20:14 Bow Saw
24:55 Town Watch
26:19 Medium Warships
26:35 Medium Warships
27:01 Hand Cart
27:03 Fletching
28:50 Gold Mining
28:58 Bodkin Arrow
29:04 Padded Archer Armor
29:43 Heavy Plow
30:30 Stone Mining
31:15 Gold Shaft Mining
31:37 Leather Archer Armor
32:11 Squires
31:57 Arson
32:49 Iron Casting
32:29 Chain Mail Armor
32:43 Town Watch
33:36 Gold Shaft Mining
33:56 Chain Mail Armor
Micromage
11:03 Feudal Age
12:10 Double-Bit Axe
13:39 Champi Runner
15:30 Horse Collar
15:47 Town Watch
16:27 Forging
21:07 Castle Age
20:52 Fletching
21:27 Gold Mining
27:26 Crossbowman
28:06 Bodkin Arrow
28:12 Padded Archer Armor
31:14 Bow Saw
31:19 Heavy Plow
32:47 Loom
33:36 Ballistics
Connection lost

Rejoining the realm…

Still unreachable

The connection could not be restored.

Session expired

The server has moved on; the page needs a fresh start.